MLB
KANSAS CITY ROYALS @ BALTIMORE ORIOLES
05/08/2018
 
TOP OF THE 1ST
Kansas City Royals batting - Pitching for Baltimore Orioles : RHP Shohei Ohtani
Pitching: RHP Shohei Ohtani
Batting: LHB Raimel Tapia 0-0: Ball
1-0: Called Strike
1-1: Called Strike
1-2: Ball
2-2: Foul Ball, location: 2F
2-2: Strikes out looking
Batting: RHB Ronald Torreyes 0-0: Ball
1-0: Ball
2-0: Called Strike
2-1: Ball
3-1: Ground out 4-3 (Groundball, 4)
Batting: LHB Joe Mauer 0-0: Called Strike
0-1: SINGLE (Groundball, 13S) (infield hit)
Batting: LHB Lonnie Chisenhall 0-0: DOUBLE (Flyball, 78D)
Joe Mauer to third
Runner from 3rd tries for Home, SAFE, no throw
Batting: LHB Luis Valbuena 0-0: SINGLE (Groundball, 34D)
Lonnie Chisenhall to third
Runner from 3rd tries for Home, SAFE, throw made home
Batting: RHB Albert Pujols 0-0: Ground out 5-3 (Groundball, 56S)
Top of the 1st over - 2 runs, 3 hits, 0 errors, 1 left on base; Kansas City 2 - Baltimore 0
BOTTOM OF THE 1ST
Baltimore Orioles batting - Pitching for Kansas City Royals : LHP Danny Duffy
Pitching: LHP Danny Duffy
Batting: SHB Dexter Fowler 0-0: Bunt for hit - play at first, batter OUT! 5-3
Batting: RHB Albert Almora 0-0: Foul Ball, location: 2F
0-1: Ball
1-1: Ball
2-1: Fly out, F7 (Flyball, 7S)
Batting: LHB Rafael Devers 0-0: Called Strike
0-1: Ball
1-1: Ball
2-1: Ball
3-1: Base on Balls
Batting: RHB Jose Abreu 0-0: Fly out, F7 (Flyball, 7S)
Bottom of the 1st over - 0 runs, 0 hits, 0 errors, 1 left on base; Kansas City 2 - Baltimore 0
TOP OF THE 2ND
Kansas City Royals batting - Pitching for Baltimore Orioles : RHP Shohei Ohtani
Batting: LHB Jesse Winker 0-0: Ball
1-0: Foul Ball, location: 2F
1-1: SINGLE (Line Drive, 78S)
Batting: SHB Jurickson Profar 0-0: Foul Ball, location: 2F
0-1: Ball
1-1: Foul Ball, location: 2F
1-2: Ball
2-2: DOUBLE (Line Drive, 7LM)
Jesse Winker to third
Batting: SHB Matt Wieters 0-0: Ball
1-0: Fly out, F8 (Flyball, 78M)
Runner from 3rd tags up, SCORES, throw made
Batting: LHB Raimel Tapia 0-0: SINGLE (Line Drive, 9S)
Jurickson Profar to third
Batting: RHB Ronald Torreyes 0-0: Foul Ball, location: 2F
0-1: Ball
1-1: Ball
2-1: Grounds into double play, 4-6-3 (Groundball, 4MD)
Top of the 2nd over - 1 run, 3 hits, 0 errors, 1 left on base; Kansas City 3 - Baltimore 0
BOTTOM OF THE 2ND
Baltimore Orioles batting - Pitching for Kansas City Royals : LHP Danny Duffy
Batting: LHB Nomar Mazara 0-0: Called Strike
0-1: Swinging Strike
0-2: SINGLE (Groundball, 34D)
Batting: SHB Chase Headley 0-0: Ball
1-0: Ball
2-0: Ball
3-0: Base on Balls
Nomar Mazara to second
Batting: RHB Austin Barnes 0-0: Ball
1-0: Swinging Strike
1-1: SINGLE (Groundball, 6MD)
Nomar Mazara to third
Chase Headley to second
Batting: RHB Orlando Arcia 0-0: Foul Ball, location: 2F
0-1: Ball
1-1: Foul Ball, location: 2F
1-2: Foul Ball, location: 2F
1-2: Strikes out swinging
Batting: SHB Jorge Polanco 0-0: Ball
1-0: SINGLE (Flyball, 9S)
Nomar Mazara scores
Chase Headley to third
Austin Barnes to second
Batting: SHB Dexter Fowler 0-0: Foul Ball, location: 2F
0-1: Swinging Strike
0-2: Foul Ball, location: 2F
0-2: Ball
1-2: Foul Ball, location: 2F
1-2: Foul Ball, location: 2F
1-2: Ball
2-2: Ball
3-2: Base on Balls
Chase Headley scores
Austin Barnes to third
Jorge Polanco to second
Batting: RHB Albert Almora 0-0: Foul Ball, location: 2F
0-1: Ball
1-1: Ball
Wild Pitch!
Austin Barnes scores
Jorge Polanco to third
Dexter Fowler to second
2-1: Foul Ball, location: 2F
2-2: Strikes out swinging
Batting: LHB Rafael Devers 0-0: Ball
1-0: Fly out, F4 (Popup, 13)
Bottom of the 2nd over - 3 runs, 3 hits, 0 errors, 2 left on base; Kansas City 3 - Baltimore 3
TOP OF THE 3RD
Kansas City Royals batting - Pitching for Baltimore Orioles : RHP Shohei Ohtani
Batting: LHB Joe Mauer 0-0: Fly out, F6 (Popup, 6)
Batting: LHB Lonnie Chisenhall 0-0: Ball
1-0: Ball
2-0: Called Strike
2-1: Ball
3-1: Called Strike
3-2: SOLO HOME RUN (Flyball, 8RXD), Distance : 409 ft
Batting: LHB Luis Valbuena 0-0: Ball
1-0: Foul Ball, location: 2F
1-1: Swinging Strike
1-2: Ball
2-2: Ground out 4-3 (Groundball, 34)
Batting: RHB Albert Pujols 0-0: Called Strike
0-1: Ball
1-1: Ball
2-1: Ground out 4-3 (Groundball, 6MD)
Top of the 3rd over - 1 run, 1 hit, 0 errors, 0 left on base; Kansas City 4 - Baltimore 3
BOTTOM OF THE 3RD
Baltimore Orioles batting - Pitching for Kansas City Royals : LHP Danny Duffy
Batting: RHB Jose Abreu 0-0: Swinging Strike
0-1: Swinging Strike
0-2: Ground out 6-3 (Groundball, 6)
Batting: LHB Nomar Mazara 0-0: Ball
1-0: Ball
2-0: Fly out, F8 (Flyball, 8LS)
Batting: SHB Chase Headley 0-0: Ball
1-0: Called Strike
1-1: Foul Ball, location: 2F
1-2: Foul Ball, location: 2F
1-2: Fly out, F8 (Flyball, 8LXD)
Bottom of the 3rd over - 0 runs, 0 hits, 0 errors, 0 left on base; Kansas City 4 - Baltimore 3
TOP OF THE 4TH
Kansas City Royals batting - Pitching for Baltimore Orioles : RHP Shohei Ohtani
Batting: LHB Jesse Winker 0-0: Ball
1-0: Foul Ball, location: 2F
1-1: Ball
2-1: Called Strike
2-2: SINGLE (Groundball, 3D)
Batting: SHB Jurickson Profar 0-0: Ball
1-0: Ball
2-0: Called Strike
2-1: Foul Ball, location: 2F
2-2: Ball
3-2: Base on Balls
Jesse Winker to second
Batting: SHB Matt Wieters 0-0: Ball
1-0: Ball
2-0: Foul Ball, location: 2F
2-1: Foul Ball, location: 2F
2-2: Foul Ball, location: 2F
2-2: Ball
3-2: Fly out, F7 (Flyball, 78M)
Batting: LHB Raimel Tapia 0-0: SINGLE (Line Drive, 89S)
Jesse Winker to third
Jurickson Profar to second
Runner from 3rd tries for Home, SAFE, throw made home
Batting: RHB Ronald Torreyes 0-0: Ball
1-0: Called Strike
1-1: SINGLE (Line Drive, 56)
Jurickson Profar to third
Raimel Tapia to second
Runner from 3rd tries for Home, SAFE, throw made home
Pitching: LHP Adalberto Mejia
Batting: LHB Joe Mauer 0-0: Ball
Wild Pitch!
Raimel Tapia to third
Ronald Torreyes to second
1-0: Called Strike
1-1: Called Strike
1-2: Ball
Wild Pitch!
Raimel Tapia scores
Ronald Torreyes to third
2-2: Strikes out swinging
Batting: LHB Lonnie Chisenhall 0-0: SINGLE (Flyball, 89S)
Ronald Torreyes scores
Batting: LHB Luis Valbuena 0-0: Ball
1-0: Foul Ball, location: 2F
1-1: Ball
2-1: Ball
3-1: Foul Ball, location: 2F
3-2: SINGLE (Groundball, 56D)
Lonnie Chisenhall to second
Lonnie Chisenhall to third
Batting: RHB Albert Pujols 0-0: Ball
1-0: Fly out, F7 (Flyball, 78S)
Top of the 4th over - 4 runs, 5 hits, 0 errors, 2 left on base; Kansas City 8 - Baltimore 3
BOTTOM OF THE 4TH
Baltimore Orioles batting - Pitching for Kansas City Royals : LHP Danny Duffy
Batting: RHB Austin Barnes 0-0: Foul Ball, location: 2F
0-1: Ball
1-1: Swinging Strike
1-2: Ball
2-2: Fly out, F4 (Popup, 3D)
Batting: RHB Orlando Arcia 0-0: Ball
1-0: SINGLE (Flyball, 7S)
Batting: SHB Jorge Polanco 0-0: Ball
1-0: Ball
2-0: Called Strike
2-1: Ball
3-1: Base on Balls
Orlando Arcia to second
Batting: SHB Dexter Fowler 0-0: Foul Ball, location: 2F
0-1: Foul Ball, location: 2F
0-2: Foul Ball, location: 2F
0-2: Ball
1-2: Fielders Choice at 2nd, 1-6 (Groundball, 34S)
Orlando Arcia to third
Batting: RHB Albert Almora 0-0: Fly out, F9 (Flyball, 9)
Bottom of the 4th over - 0 runs, 1 hit, 0 errors, 2 left on base; Kansas City 8 - Baltimore 3
TOP OF THE 5TH
Kansas City Royals batting - Pitching for Baltimore Orioles : LHP Adalberto Mejia
Batting: LHB Jesse Winker 0-0: Ball
1-0: Called Strike
1-1: Ball
2-1: Ball
3-1: Foul Ball, location: 2F
3-2: Foul Ball, location: 2F
3-2: Base on Balls
Batting: SHB Jurickson Profar 0-0: Ball
1-0: Ball
2-0: Ball
3-0: Base on Balls
Jesse Winker to second
Batting: SHB Matt Wieters 0-0: Called Strike
0-1: Ball
1-1: Ball
2-1: Foul Ball, location: 2F
2-2: Foul Ball, location: 2F
2-2: Ball
3-2: Base on Balls
Jesse Winker to third
Jurickson Profar to second
Batting: LHB Raimel Tapia 0-0: Ball
1-0: Swinging Strike
1-1: Called Strike
1-2: Fielders Choice at 2nd, 4-6 (Groundball, 4)
Jesse Winker scores
Jurickson Profar to third
Batting: RHB Ronald Torreyes 0-0: Ball
1-0: Fielders Choice at 2nd, 4-6 (Groundball, 4)
Jurickson Profar scores
Batting: LHB Joe Mauer 0-0: Ball
1-0: Called Strike
1-1: Ball
2-1: SINGLE (Line Drive, 8LS)
Ronald Torreyes to second
Batting: LHB Lonnie Chisenhall 0-0: Ball
1-0: Called Strike
1-1: Fly out, F9 (Flyball, 9S)
Top of the 5th over - 2 runs, 1 hit, 0 errors, 2 left on base; Kansas City 10 - Baltimore 3
BOTTOM OF THE 5TH
Baltimore Orioles batting - Pitching for Kansas City Royals : LHP Danny Duffy
Batting: LHB Rafael Devers 0-0: Called Strike
0-1: Foul Ball, location: 2F
0-2: Strikes out swinging
Batting: RHB Jose Abreu 0-0: Fly out, F7 (Flyball, 7LSF)
Batting: LHB Nomar Mazara 0-0: Called Strike
0-1: Called Strike
0-2: Fly out, F9 (Flyball, 9S)
Bottom of the 5th over - 0 runs, 0 hits, 0 errors, 0 left on base; Kansas City 10 - Baltimore 3
TOP OF THE 6TH
Kansas City Royals batting - Pitching for Baltimore Orioles : LHP Adalberto Mejia
Batting: LHB Luis Valbuena 0-0: Ball
1-0: Ball
2-0: Called Strike
2-1: Foul Ball, location: 2F
2-2: SOLO HOME RUN (Flyball, 89XD), Distance : 402 ft
Batting: RHB Albert Pujols 0-0: Ground out 6-3 (Groundball, 6)
Pitching: RHP Joe Jimenez
Batting: LHB Jesse Winker 0-0: Ball
1-0: Called Strike
1-1: Swinging Strike
1-2: Strikes out swinging
Batting: SHB Jurickson Profar 0-0: Foul Ball, location: 2F
0-1: Ball
1-1: Ball
2-1: Foul Ball, location: 2F
2-2: Foul Ball, location: 2F
2-2: Strikes out swinging
Top of the 6th over - 1 run, 1 hit, 0 errors, 0 left on base; Kansas City 11 - Baltimore 3
BOTTOM OF THE 6TH
Baltimore Orioles batting - Pitching for Kansas City Royals : LHP Danny Duffy
Batting: SHB Chase Headley 0-0: Ball
1-0: Ball
2-0: SINGLE (Groundball, 6MD)
Batting: RHB Austin Barnes 0-0: Called Strike
0-1: DOUBLE (Line Drive, 7LM)
Chase Headley to third
Batting: RHB Orlando Arcia 0-0: SINGLE (Groundball, 4MD)
Chase Headley scores
Austin Barnes to third
Runner from 3rd tries for Home, throw and OUT!
Orlando Arcia to second
Batting: SHB Jorge Polanco 0-0: Ball
1-0: Ball
2-0: SINGLE (Line Drive, 8LS)
Orlando Arcia to third
Runner from 3rd tries for Home, SAFE, no throw
Batting: SHB Dexter Fowler 0-0: Ball
1-0: Ball
2-0: SINGLE (Line Drive, 7S)
Jorge Polanco to second
Batting: RHB Albert Almora 0-0: Called Strike
Jorge Polanco steals 3rd base
Dexter Fowler to second
0-1: Ball
1-1: Swinging Strike
1-2: Ball
2-2: Ball
Wild Pitch!
Jorge Polanco scores
Dexter Fowler to third
3-2: Strikes out swinging
Pitching: RHP Phil Hughes
Batting: LHB Rafael Devers 0-0: Ball
Wild Pitch!
Dexter Fowler scores
1-0: Called Strike
1-1: Swinging Strike
1-2: Ball
2-2: SINGLE (Groundball, 6D)
Batting: RHB Jose Abreu 0-0: Ball
1-0: Ball
2-0: Fly out, F7 (Flyball, 7S)
Bottom of the 6th over - 4 runs, 6 hits, 0 errors, 1 left on base; Kansas City 11 - Baltimore 7
TOP OF THE 7TH
Kansas City Royals batting - Pitching for Baltimore Orioles : RHP Joe Jimenez
Pitching: RHP Jimmie Sherfy
Batting: SHB Matt Wieters 0-0: Called Strike
0-1: Ball
1-1: Fly out, F7 (Line Drive, 7D)
Batting: LHB Raimel Tapia 0-0: Called Strike
0-1: Ball
1-1: Foul Ball, location: 2F
1-2: SINGLE (Flyball, 89S)
Batting: RHB Ronald Torreyes 0-0: Called Strike
0-1: Ball
1-1: SINGLE (Line Drive, 56)
Raimel Tapia to second
Batting: LHB Joe Mauer 0-0: Called Strike
0-1: Ball
1-1: Foul Ball, location: 2F
1-2: Ball
2-2: Ball
3-2: Base on Balls
Raimel Tapia to third
Ronald Torreyes to second
Pitching: LHP Justin Wilson
Batting: LHB Lonnie Chisenhall 0-0: Grounds into fielders choice 4-2 (Groundball, 4)
Ronald Torreyes to third
Joe Mauer to second
Batting: LHB Luis Valbuena 0-0: Called Strike
0-1: Called Strike
0-2: Strikes out swinging
Top of the 7th over - 0 runs, 2 hits, 0 errors, 3 left on base; Kansas City 11 - Baltimore 7
BOTTOM OF THE 7TH
Baltimore Orioles batting - Pitching for Kansas City Royals : RHP Phil Hughes
Batting: LHB Nomar Mazara 0-0: Called Strike
0-1: Called Strike
0-2: Strikes out swinging
Batting: SHB Chase Headley 0-0: Ball
1-0: Foul Ball, location: 2F
1-1: SINGLE (Flyball, 9S)
Batting: RHB Austin Barnes 0-0: Called Strike
0-1: Fielders Choice at 2nd, 4-6 (Groundball, 34)
Batting: RHB Orlando Arcia 0-0: Foul Ball, location: 2F
0-1: Ball
1-1: Swinging Strike
1-2: Ball
2-2: Foul Ball, location: 2F
2-2: Foul Ball, location: 2F
2-2: Ball
3-2: Reached on error, E4 (Groundball, 4)
Austin Barnes to third
Batting: SHB Jorge Polanco 0-0: Fly out, F8 (Flyball, 8RS)
Bottom of the 7th over - 0 runs, 1 hit, 1 error, 2 left on base; Kansas City 11 - Baltimore 7
TOP OF THE 8TH
Kansas City Royals batting - Pitching for Baltimore Orioles : LHP Justin Wilson
Batting: RHB Albert Pujols 0-0: Called Strike
0-1: Ball
1-1: Called Strike
1-2: Fly out, F9 (Flyball, 89S)
Batting: LHB Jesse Winker 0-0: Ball
1-0: Ball
2-0: Called Strike
2-1: Foul Ball, location: 2F
2-2: Foul Ball, location: 2F
2-2: Foul Ball, location: 2F
2-2: Ball
3-2: Foul Ball, location: 2F
3-2: Base on Balls
Batting: SHB Jurickson Profar 0-0: Ball
Wild Pitch!
Jesse Winker to second
1-0: Ground out 4-3 (Groundball, 4)
Jesse Winker to third
Batting: SHB Matt Wieters 0-0: Ball
1-0: Ground out 6-3 (Groundball, 6)
Top of the 8th over - 0 runs, 0 hits, 0 errors, 1 left on base; Kansas City 11 - Baltimore 7
BOTTOM OF THE 8TH
Baltimore Orioles batting - Pitching for Kansas City Royals : RHP Phil Hughes
Pitching: LHP Chasen Shreve
Batting: SHB Dexter Fowler 0-0: Ball
1-0: Foul Ball, location: 2F
1-1: Swinging Strike
1-2: Foul Ball, location: 2F
1-2: Ball
2-2: SINGLE (Groundball, 56D)
Batting: RHB Albert Almora 0-0: Ball
1-0: Swinging Strike
1-1: Foul Ball, location: 2F
1-2: Foul Ball, location: 2F
1-2: SINGLE (Line Drive, 9S)
Dexter Fowler to second
Batting: LHB Rafael Devers 0-0: Called Strike
0-1: Ball
1-1: Ball
2-1: Ball
3-1: Base on Balls
Dexter Fowler to third
Albert Almora to second
Pitching: RHP Adam Ottavino
Batting: RHB Jose Abreu 0-0: Fly out, F7 (Flyball, 7S)
Batting: LHB Nomar Mazara 0-0: Called Strike
0-1: Ball
1-1: Foul Ball, location: 2F
1-2: Fly out, F7 (Flyball, 7LM)
Runner from 3rd tags up, SCORES, throw made
Batting: SHB Chase Headley 0-0: Called Strike
0-1: Ball
1-1: Swinging Strike
1-2: Ball
2-2: Foul Ball, location: 2F
2-2: Ball
3-2: Foul Ball, location: 2F
3-2: Base on Balls
Albert Almora to third
Rafael Devers to second
Pitching: RHP Arodys Vizcaino
Batting: RHB Austin Barnes 0-0: Ball
1-0: Foul Ball, location: 2F
1-1: Fly out, F7 (Line Drive, 7D)
Bottom of the 8th over - 1 run, 2 hits, 0 errors, 3 left on base; Kansas City 11 - Baltimore 8
TOP OF THE 9TH
Kansas City Royals batting - Pitching for Baltimore Orioles : LHP Justin Wilson
Pitching: RHP Brandon Morrow
Batting: LHB Raimel Tapia 0-0: Foul Ball, location: 2F
0-1: Ball
1-1: Foul Ball, location: 2F
1-2: Strikes out swinging
Batting: RHB Ronald Torreyes 0-0: Called Strike
0-1: Ball
1-1: Ball
2-1: Ball
3-1: Swinging Strike
3-2: Strikes out swinging
Batting: LHB Joe Mauer 0-0: Ball
1-0: Fly out, F7 (Flyball, 7LS)
Top of the 9th over - 0 runs, 0 hits, 0 errors, 0 left on base; Kansas City 11 - Baltimore 8
BOTTOM OF THE 9TH
Baltimore Orioles batting - Pitching for Kansas City Royals : RHP Arodys Vizcaino
Now in LF: Gorkys Hernandez
Batting: RHB Orlando Arcia 0-0: Fly out, F8 (Flyball, 8LD)
Batting: SHB Jorge Polanco 0-0: Called Strike
0-1: SINGLE (Groundball, 4MD)
Batting: SHB Dexter Fowler 0-0: Ball
1-0: TRIPLE (Flyball, 7LD)
Jorge Polanco scores
Pinch Hitting: LHB Curtis Granderson 0-0: Ball
1-0: Called Strike
1-1: Fly out, F9 (Flyball, 9S)
Batting: LHB Rafael Devers 0-0: Called Strike
0-1: Ball
1-1: Ball
2-1: Swinging Strike
2-2: Ball
3-2: Base on Balls
Batting: RHB Jose Abreu 0-0: Ball
1-0: Swinging Strike
1-1: DOUBLE (Line Drive, 7LM)
Dexter Fowler scores
Rafael Devers to third
Runner from 3rd tries for Home, SAFE, throw made at trailing runner, SAFE at third!
Batting: LHB Nomar Mazara 0-0: Fly out, F7 (Flyball, 78D)
Bottom of the 9th over - 3 runs, 3 hits, 0 errors, 1 left on base; Kansas City 11 - Baltimore 11
TOP OF THE 10TH
Kansas City Royals batting - Pitching for Baltimore Orioles : RHP Brandon Morrow
Now in LF: Curtis Granderson
Batting: LHB Lonnie Chisenhall 0-0: Ball
1-0: Ball
2-0: Called Strike
2-1: Ball
3-1: Ground out 3-1 (Groundball, 34)
Batting: LHB Luis Valbuena 0-0: Swinging Strike
0-1: Foul Ball, location: 2F
0-2: SOLO HOME RUN (Flyball, 9LD), Distance : 338 ft
Batting: RHB Albert Pujols 0-0: Fly out, F8 (Flyball, 8LS)
Batting: RHB Gorkys Hernandez 0-0: Called Strike
0-1: Ground out 5-3 (Groundball, 56S)
Top of the 10th over - 1 run, 1 hit, 0 errors, 0 left on base; Kansas City 12 - Baltimore 11
BOTTOM OF THE 10TH
Baltimore Orioles batting - Pitching for Kansas City Royals : RHP Arodys Vizcaino
Batting: SHB Chase Headley 0-0: Swinging Strike
0-1: Foul Ball, location: 2F
0-2: Strikes out looking
Batting: RHB Austin Barnes 0-0: Ball
1-0: Foul Ball, location: 2F
1-1: SOLO HOME RUN (Flyball, 7LD), Distance : 359 ft
Batting: RHB Orlando Arcia 0-0: Ball
1-0: Ball
2-0: Foul Ball, location: 2F
2-1: Called Strike
2-2: Ball
3-2: Foul Ball, location: 2F
3-2: Foul Ball, location: 2F
3-2: Base on Balls
Batting: SHB Jorge Polanco 0-0: Ball
1-0: Ball
2-0: Called Strike
2-1: Foul Ball, location: 2F
Balk!
Orlando Arcia to second
2-2: Ball
3-2: Base on Balls
Batting: SHB Dexter Fowler 0-0: Ball
1-0: Ball
2-0: Fielders Choice at 2nd, 4-6 (Groundball, 4)
Orlando Arcia to third
Batting: LHB Curtis Granderson 0-0: Foul Ball, location: 2F
0-1: Ball
1-1: Ball
2-1: Ball
3-1: Called Strike
3-2: Strikes out swinging
Bottom of the 10th over - 1 run, 1 hit, 0 errors, 2 left on base; Kansas City 12 - Baltimore 12
TOP OF THE 11TH
Kansas City Royals batting - Pitching for Baltimore Orioles : RHP Brandon Morrow
Batting: SHB Jurickson Profar 0-0: Called Strike
0-1: Ground out 6-3 (Groundball, 6M)
Batting: SHB Matt Wieters 0-0: Ball
1-0: Ball
2-0: Ball
3-0: Foul Ball, location: 2F
3-1: Called Strike
3-2: Strikes out swinging
Batting: LHB Raimel Tapia 0-0: Foul Ball, location: 2F
0-1: Ball
1-1: Called Strike
1-2: Foul Ball, location: 2F
1-2: Ball
2-2: Strikes out swinging
Top of the 11th over - 0 runs, 0 hits, 0 errors, 0 left on base; Kansas City 12 - Baltimore 12
BOTTOM OF THE 11TH
Baltimore Orioles batting - Pitching for Kansas City Royals : RHP Arodys Vizcaino
Batting: LHB Rafael Devers 0-0: Ball
1-0: Ball
2-0: SINGLE (Line Drive, 9LM)
Batting: RHB Jose Abreu 0-0: Called Strike
0-1: Swinging Strike
0-2: Ball
1-2: Grounds into double play, 6-4-3 (Groundball, 6)
Batting: LHB Nomar Mazara 0-0: Ball
1-0: SINGLE (Groundball, 4D)
Batting: SHB Chase Headley 0-0: Ball
1-0: Called Strike
1-1: Ball
2-1: SINGLE (Line Drive, 9S)
Nomar Mazara to second
Runner from 2nd tries for 3rd, SAFE, no throw
Pitching: RHP Jordan Zimmermann
Batting: RHB Austin Barnes 0-0: Foul Ball, location: 2F
0-1: Foul Ball, location: 2F
0-2: Strikes out swinging
Bottom of the 11th over - 0 runs, 3 hits, 0 errors, 2 left on base; Kansas City 12 - Baltimore 12
TOP OF THE 12TH
Kansas City Royals batting - Pitching for Baltimore Orioles : RHP Brandon Morrow
Batting: RHB Ronald Torreyes 0-0: Ball
1-0: Ball
2-0: Called Strike
2-1: Ball
3-1: Base on Balls
Batting: LHB Joe Mauer 0-0: Ball
1-0: Ball
2-0: Ball
3-0: Base on Balls
Ronald Torreyes to second
Batting: LHB Lonnie Chisenhall 0-0: SINGLE (Line Drive, 4MD)
Ronald Torreyes to third
Joe Mauer to second
Batting: LHB Luis Valbuena 0-0: Swinging Strike
0-1: Ball
1-1: Foul Ball, location: 2F
1-2: Foul Ball, location: 2F
1-2: Grounds into fielders choice 1-2 (Groundball, P)
Joe Mauer to third
Lonnie Chisenhall to second
Batting: RHB Albert Pujols 0-0: Foul Ball, location: 2F
0-1: SINGLE (Flyball, 7LS)
Joe Mauer scores
Lonnie Chisenhall to third
Luis Valbuena to second
Pinch Hitting: SHB Melky Cabrera 0-0: Called Strike
0-1: Ball
1-1: SINGLE (Line Drive, 6D)
Lonnie Chisenhall scores
Luis Valbuena to third
Albert Pujols to second
Batting: SHB Jurickson Profar 0-0: Ball
1-0: Swinging Strike
1-1: Foul Ball, location: 2F
1-2: Grounds into double play, 3-2-3 (Groundball, 34S)
Top of the 12th over - 2 runs, 3 hits, 0 errors, 2 left on base; Kansas City 14 - Baltimore 12
BOTTOM OF THE 12TH
Baltimore Orioles batting - Pitching for Kansas City Royals : RHP Jordan Zimmermann
Now in LF: Melky Cabrera
Batting: RHB Orlando Arcia 0-0: Ball
1-0: DOUBLE (Flyball, 8LXD)
Batting: SHB Jorge Polanco 0-0: Foul Ball, location: 2F
0-1: Ball
1-1: Swinging Strike
1-2: Ground out 4-3 (Groundball, 4)
Orlando Arcia to third
Batting: SHB Dexter Fowler 0-0: Ball
1-0: Called Strike
1-1: Ball
2-1: Called Strike
2-2: Foul Ball, location: 2F
2-2: Fly out, F8 (Line Drive, 8RD)
Runner from 3rd tags up, SCORES, no throw
Batting: LHB Curtis Granderson 0-0: Called Strike
0-1: DOUBLE (Flyball, 78D)
Batting: LHB Rafael Devers 0-0: Ball
1-0: Fly out, F8 (Flyball, 8RS)
Bottom of the 12th over - 1 run, 2 hits, 0 errors, 1 left on base; Kansas City 14 - Baltimore 13
Friday, June 29th, 2018 - OOTP Baseball 19.6 Build 53